 Dungeon Crawl Stone Soup version 0.26-a0-20-g5f92b90fa0 (webtiles) character file.

Game seed: 10208003794471707137, levelgen mode: deterministic

921 MisterFreud the Ducker (level 8, 0/54 HPs)
             Began as an Octopode Gladiator on May 25, 2020.
             Killed by divine providence
             ... invoked by an orc priest
              (14 damage)
             ... on level 4 of the Dungeon.
             The game lasted 00:06:42 (4987 turns).

MisterFreud the Ducker (Octopode Gladiator)         Turns: 4987, Time: 00:06:43

Health: 0/54       AC:  1    Str: 13    XL:     8   Next: 10%
Magic:  8/8        EV: 14    Int: 12    God:
Gold:   162        SH: 13    Dex: 14    Spells: 7/7 levels left

rFire    . . .     SeeInvis .   a - +0 long sword
rCold    . . .     Gourm    .   t - +0 kite shield
rNeg     . . .     Faith    .   b - +0 hat
rPois    .         Spirit   .   f - amulet of reflection
rElec    .         Reflect  +   s - ring of protection from magic
rCorr    .         Harm     .   (no ring)
MR       +....                  (no ring)
Stlth    ++........             (no ring)
HPRegen  0.18/turn              (no ring)
MPRegen  0.11/turn              (no ring)
                                (no ring)
                                (no ring)

@: slowed, very slow
A: almost no armour, stealthy swim, amphibious, 8 rings, constrict 8, camouflage
1, gelatinous body 1
a: no special abilities


You were on level 4 of the Dungeon.
You were not hungry.

You visited 1 branch of the dungeon, and saw 4 of its levels.

You collected 162 gold pieces.

Inventory:

Hand Weapons
 a - a +0 long sword (weapon)
Missiles
 c - 3 throwing nets (quivered)
 l - 32 poisoned darts
Armour
 b - a +0 hat (worn)
 t - a +0 kite shield (worn)
Jewellery
 f - an amulet of reflection (around mantle)
 s - a ring of protection from magic (left tentacle)
Wands
 r - a wand of digging (4)
Scrolls
 g - a scroll of teleportation {unknown}
 i - a scroll of fog {unknown}
 k - a scroll of enchant armour {unknown}
 n - a scroll of remove curse
 p - 2 scrolls of blinking
Potions
 j - a potion of might
 m - a potion of cancellation
 o - 2 potions of curing
 u - a potion of flight
Comestibles
 d - 7 rations
 q - 12 chunks of flesh


   Skills:
 - Level 4.0 Fighting
 - Level 6.0 Long Blades
 - Level 2.0 Throwing
 + Level 6.1 Dodging
 + Level 3.3 Shields


You had 7 spell levels left.
You didn't know any spells.
Your spell library contained the following spells:

 Spells                   Type           Power        Failure   Level  Hunger
 Static Discharge         Conj/Air       #.......     99%         3    ####...
 Lightning Bolt           Conj/Air       #.........   100%        5    ######.
 Ignition                 Fire           #.........   100%        8    #######
 Shatter                  Erth           #.........   100%        9    #######
 Tornado                  Air            #.........   100%        9    #######


Dungeon Overview and Level Annotations

Branches:
Dungeon (4/15)
 Temple: D:4-7

Altars:
Dithmenos
Gozag
Trog
Vehumet
Xom


Innate Abilities, Weirdness & Mutations

You cannot wear most types of armour.
You are very stealthy in the water. (Stealth+)
You are amphibious.
You can wear up to eight rings at the same time.
You can use your tentacles to constrict eight enemies at once.
Your skin changes colour to match your surroundings (Stealth+).
Your rubbery body absorbs attacks. (AC +1, EV +1)


Message History

You feel better.
You constrict the orc warrior.
You kill the orc warrior!
Your Dodging skill increases to level 6!
Your Shields skill increases to level 3!
You have reached level 8!
You block the orc wizard's attack.
Unknown command.
You slash the orc wizard! You grab the orc wizard.
The orc wizard is severely wounded.
You constrict the orc wizard.
The orc wizard hits you with a +0 dagger.
You block the orc wizard's attack.
The orc wizard gestures at you while chanting.
The magic dart hits you!
* * * LOW HITPOINT WARNING * * *
You feel better.
You constrict the orc wizard. You block the orc wizard's attack.
The orc wizard misses you.
The orc priest invokes the aid of Beogh against you.
Beogh smites you!
You die...

.o( .o. ### #o#...#
#.#.#. ... . ......
#.#.#####
.###....######.#......
.)....)+...@oo....#
#.....######.###.#
......#####.#
#.......##.# #.#. ..
#.......##.# ... ..
#####.......##.#####..#.#
#..................#..#.#
#...........###....#..#.#
.
#....##########....#..#.#


You could see an orc priest and an orc wizard (fast).

Vanquished Creatures
  An orc warrior (D:4)
  A gnoll sergeant (D:3)
  A hound (D:4)
  5 gnoll shamans (D:3)
  2 orc wizards (D:4)
  An iguana (D:4)
  3 worker ants (D:4)
  29 gnolls (D:3)
  5 adders (D:2)
  3 worms
  2 dart slugs
  5 orcs
  5 giant cockroaches
  6 goblins
  4 hobgoblins (D:3)
  17 jackals (D:3)
  7 kobolds
  2 quokkas
  9 bats
  3 frilled lizards
  9 rats
120 creatures vanquished.

Notes
Turn   | Place    | Note
-------+----------+-------------------------------------------
     0 | D:1      | MisterFreud the Octopode Gladiator began the quest for the
                  | Orb.
     0 | D:1      | Reached XP level 1. HP: 14/14 MP: 1/1
   281 | D:1      | Reached XP level 2. HP: 20/20 MP: 2/2
   803 | D:2      | Reached XP level 3. HP: 21/26 MP: 3/3
  1016 | D:2      | Found a shimmering altar of Xom.
  1016 | D:2      | Found a shimmering altar of Xom.
  1016 | D:2      | Found a shimmering altar of Xom.
  1016 | D:2      | Found a shimmering altar of Xom.
  1016 | D:2      | Found a shimmering altar of Xom.
  1016 | D:2      | Found a shimmering altar of Xom.
  1017 | D:2      | Found a shimmering altar of Xom.
  1017 | D:2      | Found a shimmering altar of Xom.
  1017 | D:2      | Found a shimmering altar of Xom.
  1181 | D:2      | Reached XP level 4. HP: 33/33 MP: 4/4
  2015 | D:3      | Found a bloodstained altar of Trog.
  2212 | D:3      | Found a radiant altar of Vehumet.
  2317 | D:3      | Found an opulent altar of Gozag.
  2391 | D:3      | Reached XP level 5. HP: 5/37 MP: 5/5
  2893 | D:3      | Reached skill level 5 in Long Blades
  3025 | D:3      | Reached XP level 6. HP: 21/43 MP: 6/6
  3833 | D:4      | Found a shadowy altar of Dithmenos.
  3865 | D:3      | Reached XP level 7. HP: 30/48 MP: 7/7
  4300 | D:3      | Reached skill level 5 in Dodging
  4379 | D:3      | Reached skill level 1 in Shields
  4985 | D:4      | Reached XP level 8. HP: 21/54 MP: 8/8
  4987 | D:4      | Killed from afar by an orc priest

Illustrated notes

Levels and vault maps discovered:
D:1:      lemuel_arrival_river_ford, layout_loops_cross,
          chequers_serial_rivers_micro_b
D:2:      layout_loops_ring, xom_redecorated
D:3:      lemuel_castle_with_subvaults [lemuel_castle_interior_carwin_3],
          layout_loops_ring, lemuel_round_altar, lemuel_doored_altar,
          nicolae_gozag_seed_capital, kennysheep_generic_room_13
D:4:      layout_basic, first_ration, lemuel_tele_altar

Skill      XL: |  1  2  3  4  5  6  7 |
---------------+----------------------+-----
Fighting       | 3 4 |  4.0
Long Blades    | 4 5 6 |  6.0
Dodging        | 4 6 |  6.1
Shields        | 3 |  3.3
Throwing       | |  2.0

Action                   |  1- 3 |  4- 6 |  7- 9 || total
-------------------------+-------+-------+-------++-------
Melee: Long sword        |    33 |   144 |    80 ||   257
       Tentacles         |    10 |    49 |    27 ||    86
       Constrict         |    11 |    59 |    28 ||    98
  Use: Scroll            |       |     7 |     1 ||     8
       Potion            |       |     1 |     3 ||     4
 Stab: Sleeping          |     6 |     8 |     2 ||    16
       Distracted        |       |       |     2 ||     2
  Eat: Chunk             |       |     9 |     4 ||    13
Armor: Skin              |     6 |    10 |     1 ||    17
Dodge: Dodged            |    34 |   100 |    29 ||   163
Block: Other             |       |     9 |     4 ||    13
       Kite shield       |       |       |    36 ||    36
       Rpst.: Long sword |    17 |    42 |     8 ||    67

Table legend:
 A = Non-vault XP
 B = Vault XP
 C = Vault XP percentage of total XP
 D = Non-vault monster count
 E = Vault monster count
 F = Vault count percentage of total count
                 A         B        C        D         E       F
            +---------+---------+-------+---------+---------+-------
      Total |     585 |     731 |  55.5 |      70 |      50 |  41.7
            +---------+---------+-------+---------+---------+-------
        D:1 |      19 |       0 |   0.0 |      11 |       0 |   0.0
        D:2 |      98 |       0 |   0.0 |      19 |       0 |   0.0
        D:3 |      42 |     731 |  94.6 |      24 |      50 |  67.6
        D:4 |     426 |       0 |   0.0 |      16 |       0 |   0.0
            +---------+---------+-------+---------+---------+-------
